 Dungeon Crawl Stone Soup version 0.27-a0-1296-g8ece459b43 (webtiles) character file.

Game seed: 16606198344555997388

121119 Johnny the Eclecticist (level 16, -2/112 HPs)
             Began as a Deep Elf Earth Elementalist on June 16, 2021.
             Was the Champion of Dithmenos.
             Slain by a +2 vorpal glaive (3 damage)
             ... on level 2 of the Elven Halls.
             The game lasted 00:48:56 (33318 turns).

Johnny the Eclecticist (DEEE)                      Turns: 33318, Time: 00:48:56

Health: -2/112     AC: 12    Str:  5    XL:     16   Next: 31%
Magic:  8/49       EV: 12    Int: 26    God:    Dithmenos [******]
Gold:   1281       SH:  0    Dex: 19    Spells: 38/51 levels left

rFire    + . .     SeeInvis .   k - staff of earth
rCold    + . .     Faith    .   (no shield)
rNeg     . . .     Spirit   .   n - +0 troll leather armour {Purgy}
rPois    .         Reflect  .   H - +2 helmet of Bitterness {Fly Dex+4}
rElec    .         Harm     .   q - +2 cloak
rCorr    .         Rampage  .   (no gloves)
Will     +....                  W - +1 pair of boots {Stlth+}
Stlth    ++++++....             J - amulet of regeneration
HPRegen  2.28/turn              i - ring of magical power
MPRegen  0.31/turn              N - ring of Understanding {Contam +Blink rF+ rC+ Slay+2}

@: flying, wreathed by umbra
A: dopey 1
a: Renounce Religion, Evoke Blink, Shadow Step, Shadow Form


You were on level 2 of the Elven Halls.
You worshipped Dithmenos.
Dithmenos was exalted by your worship.
You visited 5 branches of the dungeon, and saw 25 of its levels.
You also visited: Sewer and Ice Cave.

You collected 2442 gold pieces.
You spent 1161 gold pieces at shops.

Inventory:

Hand Weapons
 x - the +9 flail of Intimidation {vorpal, rCorr SInv}
   (You found it on level 6 of the Dungeon)

   It inflicts extra damage upon your enemies.
   It lets you see invisible.
   It protects you from acid and corrosion.
Missiles
 d - 15 stones
 V - 2 atropa-tipped darts (quivered)
Armour
 c - a +0 kite shield of reflection
 n - a +0 troll leather armour (worn) {Purgy}
 q - a +2 cloak (worn)
 H - the +2 helmet of Bitterness (worn) {Fly Dex+4}
   (You bought it in a shop on level 2 of the Orcish Mines)

   It affects your dexterity (+4).
   It grants you flight.
 I - a +1 robe of resistance
 W - a +1 pair of boots of stealth (worn)
Magical Staves
 k - a staff of earth (weapon)
Jewellery
 i - a ring of magical power (left hand)
 u - a ring of poison resistance
 v - a ring of positive energy
 J - an amulet of regeneration (around neck)
 N - the ring of Understanding (right hand) {Contam +Blink rF+ rC+ Slay+2}
   (You found it on level 3 of the Lair of Beasts)

   [ring of protection from cold]

   It affects your accuracy and damage with ranged weapons and melee attacks
   (+2).
   It protects you from fire.
   It protects you from cold.
   It lets you blink.
   It causes magical contamination when unequipped.
Wands
 w - a wand of paralysis (7)
Scrolls
 f - 3 scrolls of noise
 j - 8 scrolls of teleportation
 m - a scroll of blinking
 r - 5 scrolls of amnesia
 s - 3 scrolls of fog
 t - a scroll of vulnerability
 y - 2 scrolls of holy word
 D - 2 scrolls of immolation
 F - 2 scrolls of magic mapping
 L - 2 scrolls of brand weapon {unknown}
 X - 2 scrolls of fear
Potions
 a - 2 potions of lignification {unknown}
 b - 6 potions of attraction
 g - 4 potions of brilliance
 h - a potion of cancellation {unknown}
 l - 4 potions of mutation
 o - 8 potions of haste
 p - 9 potions of flight
 z - 4 potions of degeneration {unknown}
 A - 5 potions of curing
 C - 2 potions of heal wounds
 O - 3 potions of magic {unknown}
 P - 2 potions of might {unknown}
 R - 2 potions of berserk rage
 T - 5 potions of ambrosia {unknown}
 Z - a potion of invisibility {unknown}
Miscellaneous
 M - a phantom mirror
 Y - a lightning rod (inert)


   Skills:
 * Level 16.8 Fighting
 - Level 2.4 Dodging
 - Level 2.4 Stealth
 + Level 18.3 Spellcasting
 - Level 1.1 Transmutations
 + Level 15.8 Earth Magic
 + Level 3.6 Evocations


You had 38 spell levels left.
You knew the following spells:

 Your Spells              Type           Power      Damage    Failure   Level
a - Sandblast             Erth           100%       2d20      0%          1
b - Stone Arrow           Conj/Erth      100%       3d13      1%          3
c - Lee's Rapid Deconstr  Erth           51%        3d25*     1%          5
d - Petrify               Tmut/Erth      80%        N/A       1%          4

Your spell library contained the following spells:

 Spells                   Type           Power      Damage    Failure   Level
 Passwall                 Tmut/Erth      66%        N/A       1%          2
 Foxfire                  Conj/Fire      92%        2x1d8     3%          1
 Summon Small Mammal      Summ           92%        N/A       3%          1
 Call Imp                 Summ           23%        N/A       4%          2
 Call Canine Familiar     Summ           23%        N/A       10%         3
 Conjure Flame            Conj/Fire      23%        6-21      10%         3
 Inner Flame              Hex/Fire       23%        N/A       10%         3
 Summon Guardian Golem    Hex/Summ       23%        N/A       10%         3
 Ice Form                 Ice/Tmut       26%        N/A       26%         4
 Animate Dead             Necr           11%        N/A       32%         4
 Sticky Flame             Conj/Fire      23%        2d4       32%         4
 Summon Ice Beast         Ice/Summ       23%        N/A       32%         4
 Summon Lightning Spire   Summ/Air       23%        N/A       32%         4
 Yara's Violent Unravell  Hex/Tmut       13%        3d7       58%         5
 Excruciating Wounds      Necr           11%        N/A       65%         5
 Fireball                 Conj/Fire      11%        3d7       65%         5
 Freezing Cloud           Conj/Ice/Air   11%        6-21      65%         5
 Summon Mana Viper        Hex/Summ       23%        N/A       65%         5
 Death Channel            Necr           11%        N/A       99%         6
 Simulacrum               Ice/Necr       11%        N/A       99%         6
 Ozocubu's Refrigeration  Ice            11%        4d7       100%        7


Dungeon Overview and Level Annotations

Branches:
Dungeon (14/15)            Temple (1/1) D:6            Lair (6/6) D:10
  Swamp (0/4) Lair:2        Snake (0/4) Lair:3        Slime (0/5) Lair:6
    Orc (2/2) D:10            Elf (1/3) Orc:2        Vaults (0/5) D:13
  Sewer (visited)           IceCv (visited)

Altars:
Ashenzari
Cheibriados
Dithmenos
Elyvilon
Fedhas
Gozag
Hepliaklqana
Kikubaaqudgha
Makhleb
Nemelex Xobeh
Okawaru
Qazlal
Ru
Sif Muna
Trog
Uskayaw
Vehumet
Wu Jian
Xom
Yredelemnul
Zin
The Shining One
Beogh

Shops:
D:11 !   Orc:1 [(   Orc:2 =(*[

Annotations:
Lair:6 1 runed translucent door, Janwiy's ghost, journeyman GrEE
Elf:2 3 runed translucent doors


Innate Abilities, Weirdness & Mutations

You are dopey. (Int -2)


Message History

Confirm with . or Enter, or press ? or * to list all spells.
Okay, then.
Casting: Lee's Rapid Deconstruction (safe; 1% risk of failure)
Confirm with . or Enter, or press ? or * to list all spells.
Aiming: Lee's Rapid Deconstruction (safe; 1% risk of failure)
Press: ? - help, Dir - move target A rock wall.
This square is wreathed by an umbra.
You feel a surge of power!
The wall shatters!
The blast of rock fragments hits the +2 vorpal glaive!
The +2 vorpal glaive is heavily damaged.
Dithmenos accepts your kill.
You feel a bit more experienced.
The +2 vorpal glaive hits you from afar!
Casting: Lee's Rapid Deconstruction (safe; 1% risk of failure)
Confirm with . or Enter, or press ? or * to list all spells.
Aiming: Lee's Rapid Deconstruction (safe; 1% risk of failure)
Press: ? - help, Dir - move target A rock wall.
This square is wreathed by an umbra.
You feel a surge of power!
The wall shatters!
The blast of rock fragments hits the +2 vorpal glaive but does no damage.
The +2 vorpal glaive is heavily damaged.
The +2 vorpal glaive hits you from afar!
* * * LOW HITPOINT WARNING * * *
x2 The +2 vorpal glaive hits you from afar!!
* * * LOW HITPOINT WARNING * * *
You emit a cloud of dark smoke.
* * * LOW HITPOINT WARNING * * *
You feel much better.
The +2 vorpal glaive hits you from afar!!
* * * LOW HITPOINT WARNING * * *
x2 You emit a cloud of dark smoke.
You feel much better.
The +2 vorpal glaive hits you from afar!
* * * LOW HITPOINT WARNING * * *
x2 You feel much better.
The +2 vorpal glaive hits you from afar!!
* * * LOW HITPOINT WARNING * * *
You die...

.###. .... ..). #''#
#§.# #e§ #(# #§# #@#
[...# #§# #..##
#.##### #..##
#.....## #..#.
####...## #...#
##.>...#+####..#.
##.......##..'..##
##..>......#..'.)##
##..(.........##....


You could see a +2 vorpal glaive.

Vanquished Creatures
  Jorgrun (D:14)
  Donald (Orc:2)
  An orc warlord (Orc:2)
  A white draconian (IceCv)
  Snorg (Orc:2)
  A fire dragon (Lair:6)
  2 vault guards (D:13)
  11 hydras
  A centaur warrior (D:13)
  A catoblepas (Lair:6)
  A death knight (D:13)
  Erica (D:9)
  The ghost of Glokmah the Zephyrmancer, a journeyman TeAE of Gozag (Lair:1)
  A two-headed ogre (D:10)
  4 dancing weapons
  A tengu warrior (D:14)
  7 death yaks
  5 orc high priests
  Sonja (D:10)
  2 deep elf knights (Elf:1)
  2 skeletal warriors (D:14)
  3 deep elf archers
  A wizard (D:13)
  4 necromancers (D:13)
  A lindwurm (Lair:6)
  11 deep elf pyromancers
  4 oklob plants (Lair:3)
  3 orc sorcerers (Orc:2)
  3 orc knights
  An ugly thing (D:12)
  11 deep elf zephyrmancers
  9 elephants (Lair:4)
  A manticore (D:13)
  2 cyclopes
  10 black mambas
  An ice statue (IceCv)
  2 molten gargoyles (Lair:6)
  4 gargoyles
  16 cane toads
  An unseen horror (D:12)
  2 efreet
  2 freezing wraiths (D:14)
  Psyche (D:10)
  Maggie (D:10)
  6 rime drakes
  9 kobold demonologists
  11 komodo dragons
  8 trolls
  18 polar bears
  2 hornets
  4 slime creatures (D:14)
  4 dream sheep (Lair:6)
  22 blink frogs
  8 redbacks (Elf:1)
  A vampire (D:10)
  A water elemental (D:11)
  8 wyverns
  A fire elemental (Elf:1)
  4 wraiths
  18 humans (D:13)
  5 basilisks
  5 vampire mosquitoes
  2 steam dragons (Lair:6)
  91 yaks
  7 wargs
  3 nagas (Lair:3)
  21 water moccasins
  3 hell hounds (Lair:6)
  An acid dragon (D:7)
  9 ice beasts
  Duvessa (D:6)
  37 orc warriors
  Purgy (Sewer)
  5 black bears
  27 wolves
  7 necrophages
  A centaur (D:8)
  2 phantoms (D:7)
  7 ogres
  2 kobold brigands (D:9)
  8 bullfrogs
  A gnoll sergeant (D:12)
  A wyvern zombie (D:6)
  Dowan (D:6)
  3 killer bees (D:7)
  8 wights
  9 howler monkeys
  5 electric eels
  5 lava snakes (Lair:6)
  5 centaur zombies
  3 jellies
  A bullfrog zombie (D:6)
  A hound (D:4)
  A human zombie (D:9)
  19 orc priests
  2 centaur skeletons
  A gnoll shaman (D:5)
  Crazy Yiuf (D:5)
  Jessica (D:2)
  Terence (D:2)
  14 orc wizards
  10 hell rats
  A killer bee zombie (D:9)
  2 hound skeletons (D:4)
  A mummy (D:9)
  3 howler monkey zombies
  Robin (D:3)
  7 gnolls
  2 adders
  A river rat (D:3)
  A shadow imp (D:6)
  An ufetubus (D:7)
  An adder skeleton (D:4)
  4 worms (D:3)
  2 dart slugs
  76 orcs
  8 ball pythons
  33 bats
  4 endoplasms
  8 giant cockroaches
  14 goblins
  7 hobgoblins
  9 jackals
  13 kobolds
  2 quokkas
  A frilled lizard (D:1)
  7 rats
813 creatures vanquished.

Vanquished Creatures (collateral kills)
  Saint Roka (Orc:2)
  Harold (D:10)
  An orc priest (Orc:2)
  An orc (Orc:2)
4 creatures vanquished.

Vanquished Creatures (others)
  A troll (Orc:2)
  A polar bear (IceCv)
  3 yaks
  An orc warrior (Orc:2)
  A wolf (IceCv)
  A bush (Lair:2)
  75 fungi
  86 plants
169 creatures vanquished.

Grand Total: 986 creatures vanquished

Notes
Turn   | Place    | Note
-------+----------+-------------------------------------------
     0 | D:1      | Johnny the Deep Elf Earth Elementalist began the quest for
                  | the Orb.
     0 | D:1      | Reached XP level 1. HP: 10/10 MP: 6/6
   171 | D:1      | Reached XP level 2. HP: 9/16 MP: 4/8
   421 | D:1      | Reached skill level 1 in Fighting
  1570 | D:2      | Noticed Jessica
  1575 | D:2      | Killed Jessica
  1576 | D:2      | Reached XP level 3. HP: 21/21 MP: 6/10
  1840 | D:2      | Noticed Terence
  1966 | D:3      | Reached XP level 4. HP: 26/26 MP: 8/11
  1975 | D:3      | Noticed Robin
  1981 | D:3      | Reached skill level 4 in Spellcasting
  1983 | D:3      | Killed Robin
  2095 | D:3      | Found a glowing drain.
  2136 | Sewer    | Entered a sewer
  2253 | Sewer    | Noticed Purgy
  2256 | Sewer    | Killed Purgy
  2257 | Sewer    | Reached XP level 5. HP: 32/32 MP: 10/14
  2998 | D:3      | Learned a level 3 spell: Stone Arrow
  3017 | D:4      | Found a white marble altar of Elyvilon.
  3136 | D:4      | Reached skill level 5 in Spellcasting
  3136 | D:4      | Reached XP level 6. HP: 37/37 MP: 12/15
  3208 | D:4      | Learned a level 5 spell: Lee's Rapid Deconstruction
  3213 | D:4      | Learned a level 4 spell: Petrify
  3504 | D:4      | Reached skill level 5 in Earth Magic
  3731 | D:4      | Reached XP level 7. HP: 43/43 MP: 12/17
  4210 | D:2      | Found an ornate altar of the Wu Jian Council.
  4263 | D:2      | Killed Terence
  4415 | D:5      | Entered Level 5 of the Dungeon
  4423 | D:5      | Reached skill level 6 in Spellcasting
  4451 | D:5      | Found a radiant altar of Vehumet.
  4537 | D:5      | Found an ancient bone altar of Kikubaaqudgha.
  4566 | D:5      | Reached skill level 5 in Fighting
  4826 | D:5      | Found a shimmering altar of Xom.
  4830 | D:5      | Found a stormy altar of Qazlal.
  4916 | D:5      | Found a runed translucent door.
  4917 | D:5      | Noticed Crazy Yiuf
  5059 | D:5      | Killed Crazy Yiuf
  5141 | D:6      | Reached XP level 8. HP: 50/50 MP: 6/20
  5145 | D:6      | Identified the +9 flail of Intimidation {vorpal, rCorr
                  | SInv}
  5255 | D:6      | Reached skill level 7 in Spellcasting
  5382 | D:6      | Found a staircase to the Ecumenical Temple.
  5418 | Temple   | Entered the Ecumenical Temple
  5940 | D:6      | Found a sacrificial altar of Ru.
  5958 | D:6      | Noticed Duvessa
  5958 | D:6      | Noticed Dowan
  5960 | D:6      | Killed Dowan
  5963 | D:6      | Killed Duvessa
  6040 | D:6      | Found a blossoming altar of Fedhas.
  6148 | D:6      | Found a bloodstained altar of Trog.
  6148 | D:6      | Found an iron altar of Okawaru.
  6254 | D:7      | Reached skill level 8 in Spellcasting
  6283 | D:7      | Reached XP level 9. HP: 56/56 MP: 16/23
  6727 | D:7      | Found a hazy altar of Hepliaklqana.
  6728 | D:7      | Found a shadowy altar of Dithmenos.
  6821 | D:7      | Became a worshipper of Dithmenos the Shadowed
  7093 | D:7      | Identified Ryugososch's Volume of Dark Secrets and
                  | Malediction
  7257 | D:8      | Found an ornate altar of the Wu Jian Council.
  7280 | D:8      | Reached skill level 9 in Spellcasting
  8279 | D:9      | Noticed Erica
  8284 | D:9      | Killed Erica
  8285 | D:9      | Reached skill level 10 in Spellcasting
  8285 | D:9      | Reached XP level 10. HP: 65/65 MP: 18/26
  8613 | D:9      | Reached * piety under Dithmenos
  8793 | D:9      | Found a basalt altar of Yredelemnul.
  9899 | D:10     | Entered Level 10 of the Dungeon
  9980 | D:10     | Reached skill level 11 in Spellcasting
 10215 | D:10     | Reached ** piety under Dithmenos
 10216 | D:10     | Reached skill level 10 in Fighting
 10398 | D:10     | Reached XP level 11. HP: 72/72 MP: 24/28
 10541 | D:10     | Noticed Sonja
 10542 | D:10     | Killed Sonja
 10543 | D:10     | Reached skill level 10 in Earth Magic
 10993 | D:10     | Found a staircase to the Orcish Mines.
 11073 | D:10     | Noticed a two-headed ogre
 11077 | D:10     | Killed a two-headed ogre
 11277 | D:10     | Reached *** piety under Dithmenos
 11482 | D:10     | Noticed Maggie
 11485 | D:10     | Killed Maggie
 11534 | D:10     | Noticed Psyche
 11540 | D:10     | Killed Psyche
 11541 | D:10     | Reached skill level 12 in Spellcasting
 11601 | D:10     | Found a staircase to the Lair.
 11694 | D:10     | Noticed Harold
 11701 | D:10     | Killed Harold
 11934 | D:11     | Noticed an orc knight
 11947 | D:11     | Killed an orc knight
 12261 | D:11     | Found Ecomegash's Distillery.
 12269 | D:11     | Bought a potion of mutation for 112 gold pieces
 12269 | D:11     | Bought a potion of heal wounds for 70 gold pieces
 12269 | D:11     | Bought a potion of curing for 42 gold pieces
 12533 | D:11     | Noticed a deep elf zephyrmancer
 12533 | D:11     | Noticed a deep elf pyromancer
 12533 | D:11     | Noticed a deep elf zephyrmancer
 12533 | D:11     | Noticed a deep elf zephyrmancer
 12534 | D:11     | Killed a deep elf zephyrmancer
 12534 | D:11     | Killed a deep elf pyromancer
 12534 | D:11     | Noticed a deep elf zephyrmancer
 12535 | D:11     | Killed a deep elf zephyrmancer
 12535 | D:11     | Killed a deep elf pyromancer
 12535 | D:11     | Killed a deep elf zephyrmancer
 12535 | D:11     | Noticed a deep elf pyromancer
 12536 | D:11     | Killed a deep elf zephyrmancer
 12536 | D:11     | Killed a deep elf pyromancer
 12536 | D:11     | Killed a deep elf zephyrmancer
 12537 | D:11     | Reached XP level 12. HP: 80/80 MP: 14/30
 12539 | D:11     | Reached skill level 13 in Spellcasting
 12734 | D:11     | Identified the Volume of the Blaze and Companions
 14188 | D:12     | Noticed a six-headed hydra
 14196 | D:12     | Killed a six-headed hydra
 14752 | D:13     | Noticed a centaur warrior
 14830 | D:13     | Killed a centaur warrior
 15031 | D:13     | Reached skill level 14 in Spellcasting
 15178 | D:13     | Noticed a vault guard
 15187 | D:13     | Killed a vault guard
 15187 | D:13     | Reached **** piety under Dithmenos
 15392 | D:13     | Noticed a vault guard
 15395 | D:13     | Reached XP level 13. HP: 87/87 MP: 27/33
 15595 | D:13     | Found a gate to the Vaults.
 16109 | D:13     | Found a shadowy altar of Dithmenos.
 16666 | D:14     | Noticed Jorgrun
 16674 | D:14     | Killed Jorgrun
 16787 | D:14     | Found a frozen archway.
 16798 | IceCv    | Entered an ice cave
 17154 | IceCv    | Reached skill level 15 in Spellcasting
 17706 | IceCv    | Reached ***** piety under Dithmenos
 18009 | IceCv    | Noticed a white draconian
 18024 | IceCv    | Killed a white draconian
 18330 | D:14     | Reached XP level 14. HP: 96/96 MP: 10/35
 18515 | Orc:1    | Entered Level 1 of the Orcish Mines
 18515 | Orc:1    | Found Sineo's Antique Armour Shop.
 18546 | Orc:1    | Found Roocilupn's Antique Weapon Boutique.
 18548 | Orc:1    | Bought a pair of runed boots for 240 gold pieces
 18882 | Orc:2    | Entered Level 2 of the Orcish Mines
 19297 | Orc:2    | Noticed Snorg
 19299 | Orc:2    | Noticed an orc warlord
 19472 | Lair:1   | Entered Level 1 of the Lair of Beasts
 19556 | Lair:1   | Found a runed translucent door.
 19556 | Lair:1   | Noticed Glokmah's ghost (journeyman TeAE)
 20521 | Lair:1   | Reached skill level 16 in Spellcasting
 20523 | Lair:1   | Reached ****** piety under Dithmenos
 21453 | Lair:2   | Found a staircase to the Swamp.
 22468 | Lair:3   | Reached skill level 15 in Fighting
 22675 | Lair:3   | Found a staircase to the Snake Pit.
 23526 | Lair:3   | Identified the ring of Understanding {Contam +Blink rF+ rC+
                  | Slay+2}
 24510 | Lair:4   | Reached XP level 15. HP: 103/103 MP: 1/37
 25464 | Lair:4   | Reached skill level 17 in Spellcasting
 27459 | Lair:6   | Entered Level 6 of the Lair of Beasts
 27477 | Lair:6   | Found a runed translucent door.
 27478 | Lair:6   | Found a shimmering altar of Xom.
 27478 | Lair:6   | Noticed Janwiy's ghost (journeyman GrEE)
 27509 | Lair:5   | Reached skill level 15 in Earth Magic
 28356 | Lair:6   | Found a large runed translucent door.
 28356 | Lair:6   | Found a large runed translucent door.
 28495 | Lair:6   | Found a staircase to the Slime Pits.
 29940 | Lair:1   | Killed Glokmah's ghost
 30105 | Orc:2    | Found Weif's General Store.
 30119 | Orc:2    | Found Arph's Antique Armour Emporium.
 30119 | Orc:2    | Noticed Donald
 30150 | Orc:2    | Killed Donald
 30155 | Orc:2    | Found Fumpar's Antique Weapon Shop.
 30524 | Orc:2    | Killed an orc warlord
 30692 | Orc:2    | Noticed Saint Roka
 30830 | Orc:2    | HP: 5/105 [Saint Roka/bolt (38)]
 30830 | Orc:2    | HP: 2/105 [Saint Roka/bolt (3)]
 31083 | Orc:2    | Killed Saint Roka
 31084 | Orc:2    | Reached skill level 1 in Evocations
 31239 | Orc:2    | Reached skill level 18 in Spellcasting
 31416 | Orc:2    | Found a staircase to the Elven Halls.
 31516 | Orc:2    | Reached XP level 16. HP: 111/111 MP: 17/40
 31630 | Orc:2    | Gained mutation: You are dopey. (Int -2) [a neqoxec]
 31884 | Orc:2    | Bought a scroll of fear for 45 gold pieces
 31884 | Orc:2    | Bought a potion of mutation for 104 gold pieces
 31884 | Orc:2    | Bought 18 stones for 23 gold pieces
 31898 | Orc:2    | Killed Snorg
 32027 | Orc:2    | Bought a scorched helmet for 285 gold pieces
 32027 | Orc:2    | Identified the +2 helmet of Bitterness {Fly Dex+4} (You
                  | bought it in a shop on level 2 of the Orcish Mines)
 32413 | Orc:2    | Found Inkiobui's Jewellery Shoppe.
 32421 | Orc:2    | Bought a ring of magical power for 240 gold pieces
 32655 | Elf:1    | Entered Level 1 of the Elven Halls
 33133 | Elf:1    | You are sucked into a shaft and drop 1 floor!
 33133 | Elf:2    | Found a runed translucent gate.
 33133 | Elf:2    | Found a runed translucent gate.
 33133 | Elf:2    | Found a runed translucent gate.
 33315 | Elf:2    | HP: 2/112 [+2 vorpal glaive (30)]
 33318 | Elf:2    | Slain by a +2 vorpal glaive

Illustrated notes

Levels and vault maps discovered:
D:1:      noname_arrival_rooms_in_the_neighbourhood, layout_loops_ring
D:2:      layout_basic, basic_altar, uniq_terence, uniq_jessica
D:3:      layout_basic, portal_sewer_entry_c, uniq_robin
D:4:      layout_gridville, lemuel_crystal_altar
D:5:      layout_rooms, kiku_gazebo_garden_becter, grunt_temple_overflow_open,
          vehumet_crystals, uniq_crazy_yiuf_cottage
D:6:      layout_loops_ring, grunt_temple_overflow_bloody_war,
          kennysheep_little_box, kennysheep_mini,
          minmay_temple_entry_gardened_gates, chequers_serial_rivers_room_b,
          uniq_duvessa
D:7:      layout_rooms, riverfiend_overflow_shadow_ancestor, serial_park_tiny_1,
          minmay_hedge_maze, nrook_uturn, eino_tiny_chamber
D:8:      layout_cave_pools, nicolae_wu_jian_wuxing_cycle
D:9:      layout_loops_corners, lemuel_mausoleum_altar_yredelemnul, uniq_erica
D:10:     layout_gridville, grunt_lair_entry_orc_guard_hut, erik_orc_2,
          uniq_maggie, uniq_psyche, uniq_sonja, uniq_harold
D:11:     layout_basic, serial_shops, shop, elves_outpost_lemuel
D:12:     layout_long_grid
D:13:     wander_river, layout_gridville, grunt_vaults_entry_tiered,
          fungi_pond_lemuel, hex_tiny, nicolae_dithmenos_the_darkroom
D:14:     layout_irregular_city, portal_ice_cave_entry_ice_beasts,
          chequers_serial_rivers_micro_e, uniq_jorgrun
Temple:   kb_temple_of_zot
Lair:1:   layout_cave_pods, gammafunk_ghost_grave, grunt_megastairs_4
Lair:2:   layout_chaotic_city, minmay_swamp_entry_swarm, serial_forest,
          infiniplex_forest_clump_tiny, infiniplex_forest_lined_room_3,
          infiniplex_forest_lined_corner, infiniplex_forest_lined_3_way,
          infiniplex_forest_straight_2, infiniplex_forest_diagonal,
          infiniplex_forest_end_double, infiniplex_forest_clump_small,
          grunt_megastairs_3
Lair:3:   layout_regular_city, guppyfry_snake_entry_island, fungi_pond_lemuel,
          minmay_lair_oklob_chamber
Lair:4:   layout_regular_city, grunt_megastairs_1
Lair:5:   layout_small_grid
Lair:6:   cheibrodos_lair_end_hotspot, layout_regular_city, slime_dummy,
          ebering_ghost_xom, serial_bayou_shore_b
Orc:1:    layout_caves, serial_shops, shop, shop, shop,
          nicolae_shop_overgrown_old_shop, minmay_orc_temple_b
Orc:2:    grunt_orc_gardens, layout_caves, grunt_orc_garden, grunt_orc_garden,
          grunt_orc_garden, grunt_orc_garden, mines_bat_river, uniq_saint_roka,
          uniq_snorg, uniq_donald
Elf:1:    layout_loops_cross, serial_shops, shop, basic_altar,
          hangedman_elf_represent, drop_trap
Elf:2:    layout_geoelf_octagon, serial_shops, nicolae_shop_trees,
          hangedman_corner_corridor

Skill      XL: |  1  2  3  4  5  6  7  8  9 10 11 12 13 14 15 16 |
---------------+-------------------------------------------------+-----
Fighting       | 1 2 3 4 5 6 8 10 11 12 14 15 16 | 16.8
Spellcasting   | 4 5 6 8 10 11 12 14 15 16 18 | 18.3
Earth Magic    | 4 5 6 7 8 9 11 12 13 14 15 | 15.8
Evocations     | 1 3 |  3.6
Dodging        | |  2.4
Stealth        | |  2.4
Transmutations | |  1.1

Action                   |  1- 3 |  4- 6 |  7- 9 | 10-12 | 13-15 | 16-18 || total
-------------------------+-------+-------+-------+-------+-------+-------++-------
Melee: Mace              |    59 |       |       |       |       |       ||    59
       Unarmed           |     1 |       |       |       |       |       ||     1
       Staff             |       |    72 |    68 |    15 |    65 |     4 ||   224
Throw: Throwing net      |       |       |       |       |     2 |     2 ||     4
 Cast: Sandblast         |    31 |    58 |    86 |    84 |   380 |    20 ||   659
       Stone Arrow       |       |       |    71 |   170 |   359 |    39 ||   639
       Lee's Rapid Decon |       |       |       |    45 |   146 |    39 ||   230
       Petrify           |       |       |       |     7 |    34 |     3 ||    44
 Abil: Evoke Blink       |       |       |       |       |    14 |       ||    14
Evoke: Wand              |       |       |     2 |    18 |    36 |       ||    56
       Phantom mirror    |       |       |       |     1 |     2 |       ||     3
       Lightning rod     |       |       |       |       |    11 |     2 ||    13
  Use: Scroll            |       |       |     7 |     2 |    15 |     1 ||    25
       Potion            |       |       |       |       |     4 |     3 ||     7
 Stab: Sleeping          |     4 |     5 |       |       |       |       ||     9
       Distracted        |       |       |       |       |     1 |       ||     1
Armor: Robe              |    16 |       |       |       |       |       ||    16
       Ring mail         |     1 |     5 |       |       |       |       ||     6
       Troll leather arm |       |    19 |    49 |    34 |   163 |    30 ||   295
Dodge: Dodged            |    61 |    95 |   120 |    87 |   477 |    93 ||   933

Table legend: (Time is in decaauts)
 A = Elapsed time spent in this place.
 B = Non-inter-level travel time spent in this place.
 C = Inter-level travel time spent in this place.
 D = Time resting spent in this place.
 E = Time spent auto-exploring this place.
 F = Levels seen in this place.
 G = Mean time per level.
                   A        B        C        D        E       F      G
               +--------+--------+--------+--------+--------+-----+--------+
         Total |  33469 |  32318 |   1151 |   8975 |  17870 |  27 | 1239.6 |
       Dungeon |  17047 |  16230 |    817 |   3285 |  10290 |  14 | 1217.6 |
        Temple |    168 |    160 |      8 |      0 |    159 |   1 |  168.0 |
          Lair |  10601 |  10350 |    251 |   3020 |   6000 |   6 | 1766.8 |
  Orcish Mines |   3406 |   3332 |     74 |   1467 |   1120 |   2 | 1703.0 |
   Elven Halls |    537 |    537 |      0 |    212 |    177 |   2 |  268.5 |
         Sewer |    283 |    283 |      0 |     73 |    124 |   1 |  283.0 |
      Ice Cave |   1424 |   1424 |      0 |    918 |      0 |   1 | 1424.0 |
               +--------+--------+--------+--------+--------+-----+--------+

Top non-repeatable levels by time:
    D:10: 2632 daAuts
  Lair:6: 2274 daAuts
     D:9: 1844 daAuts
   Orc:2: 1835 daAuts
  Lair:1: 1812 daAuts
  Lair:5: 1795 daAuts
    D:13: 1780 daAuts
  Lair:4: 1772 daAuts
  Lair:3: 1674 daAuts
   Orc:1: 1571 daAuts
     D:1: 1523 daAuts
    D:12: 1443 daAuts
   IceCv: 1424 daAuts
  Lair:2: 1271 daAuts
    D:11: 1186 daAuts
